 Dungeon Crawl Stone Soup version 0.23.2-40-g277498a001 (webtiles) character file.

Game seed: 12780348472260160304

257 Hylith the Changer (level 5, -2/42 HPs)
             Began as a Draconian Transmuter on Sept 23, 2019.
             Was a Follower of Okawaru.
             Killed from afar by an orc wizard (6 damage)
             ... with a magic dart
             ... on level 4 of the Dungeon on Sept 24, 2019.
             The game lasted 00:08:55 (3489 turns).

Hylith the Changer (Draconian Transmuter)           Turns: 3489, Time: 00:08:56

Health: -2/42      AC:  5    Str:  9 (12) XL:     5   Next: 93%
Magic:  9/10       EV: 18    Int: 11 (14) God:    Okawaru [*.....]
Gold:   173        SH:  0    Dex: 14 (17) Spells: 10/11 levels left

rFire    . . .     SeeInvis .     - Unarmed
rCold    . . .     Gourm    .   (no shield)
rNeg     . . .     Faith    .   (armour unavailable)
rPois    .         Spirit   .   (helmet restricted)
rElec    .         Reflect  .   (no cloak)
rCorr    .         Harm     .   (no gloves)
MR       .....                  (boots currently unavailable)
Stlth    ++........             (no amulet)
HPRegen  0.14/turn              (no ring)
MPRegen  0.12/turn              (no ring)

@: agile, appendage, flying
A: unfitting armour, talons 3, cold-blooded, AC +5
a: End Transformation, Heroism, Renounce Religion


You were on level 4 of the Dungeon.
You worshipped Okawaru.
Okawaru was aware of your devotion.
You were hungry.
You had grown temporary talons.
You visited 1 branch of the dungeon, and saw 4 of its levels.

You collected 173 gold pieces.

Inventory:

Missiles
 a - 22 arrows
 q - 69 stones (quivered)
Jewellery
 i - an uncursed ring of protection from cold {unknown}
Scrolls
 b - 3 scrolls of remove curse {unknown}
 e - a scroll of enchant weapon {unknown}
 f - a scroll of identify {unknown}
 h - a scroll of random uselessness {unknown}
 k - a scroll of immolation {unknown}
 l - 3 scrolls of fear {unknown}
 r - a scroll of amnesia {unknown}
Potions
 d - 2 potions of degeneration
 m - a potion of brilliance {unknown}
 n - 2 potions of might {unknown}
 o - 2 potions of berserk rage {unknown}
 p - 2 potions of heal wounds {unknown}
 s - a potion of mutation {unknown}
Comestibles
 c - 8 rations
 t - 2 chunks of flesh


   Skills:
 + Level 2.7 Fighting
 + Level 2.7 Dodging
 - Level 3.0 Unarmed Combat
 * Level 3.8 Spellcasting
 * Level 3.8 Transmutations


You had 10 spell levels left.
You knew the following spells:

 Your Spells              Type           Power        Failure   Level  Hunger
a - Beastly Appendage     Tmut           ##....       4%          1    #......

Your spell library contained the following spells:

 Spells                   Type           Power        Failure   Level  Hunger
 Sticks to Snakes         Tmut           ##......     8%          2    ##.....
 Spider Form              Tmut/Pois      #.........   32%         3    ###....
 Ice Form                 Ice/Tmut       #.......     73%         4    #####..
 Blade Hands              Tmut           ##........   80%         5    ######.


Dungeon Overview and Level Annotations

Branches:
Dungeon (4/15)
 Temple: D:4-7

Altars:
Okawaru

Annotations:
D:4 Natasha


Innate Abilities, Weirdness & Mutations

Your plain brown scales are hard. (AC +5)
You cannot fit into any form of body armour.
You are cold-blooded and may be slowed by cold attacks.
You have claws for feet.


Message History

You miss something. Something hits you but does no damage.
You hit something but do no damage.
Your horns disappear.
Something hits you.
* * * LOW HITPOINT WARNING * * *
You hit something but do no damage. Something barely misses you.
You hit something but do no damage.
Your tail-slap misses something.
Something hits you but does no damage.
You miss something.
It was a potion of flight.
You feel very buoyant.
You fly up into the air.
Something closely misses you.
You hit something but do no damage. Something barely misses you.
Casting: Beastly Appendage (safe; 4% risk of failure)
Confirm with . or Enter, or press ? or * to list all spells.
Your feet morph into talons.
You hear some strange, mumbled words.
A magic dart appears from out of thin air!
The magic dart hits you.
You die...

......# #.....# ###....#
#.....#
###.#....####+####..#.....#..
#.....#<....#..##...##....#..
###.#...#).##..........####
.. #.##.###.#....######## ..
#.###........## #
#............# #
#..#.##...{@.# #
##.##.#...#<.# # ##
#.#.##...).(# #.##.
#.##.#.....(# #....
#..)...#.##.# #....
###..######## ##... ##.# #...
### #..... #..#..


There were no monsters in sight!

Vanquished Creatures
  An ice beast (D:3)
  A howler monkey (D:3)
  3 gnolls (D:4)
  3 adders
  2 worms
  4 dart slugs
  4 orcs
  A bat (D:3)
  4 giant cockroaches
  8 goblins
  8 hobgoblins
  A quokka (D:2)
  2 ball pythons
  3 frilled lizards
  5 kobolds
  A leopard gecko skeleton (D:4)
  11 rats
62 creatures vanquished.

Notes
Turn   | Place    | Note
-------+----------+-------------------------------------------
     0 | D:1      | Hylith the Draconian Transmuter began the quest for the
                  | Orb.
     0 | D:1      | Reached XP level 1. HP: 16/16 MP: 3/3
   542 | D:1      | Reached XP level 2. HP: 21/23 MP: 3/5
  1260 | D:2      | Reached XP level 3. HP: 28/28 MP: 4/6
  2135 | D:3      | Found an iron altar of Okawaru.
  2190 | D:3      | Became a worshipper of Warmaster Okawaru
  2322 | D:3      | Reached XP level 4. HP: 23/36 MP: 8/8
  2495 | D:3      | Noticed an ice beast
  2767 | D:3      | Killed an ice beast
  2767 | D:3      | Reached * piety under Okawaru
  2767 | D:3      | Reached XP level 5. HP: 15/42 MP: 8/10
  3221 | D:4      | Noticed Natasha
  3489 | D:4      | Killed from afar by an orc wizard

Skill      XL: |  1  2  3  4 |
---------------+-------------+-----
Dodging        | 2 |  2.7
Fighting       | 2 |  2.7
Spellcasting   | 3 |  3.8
Transmutations | 3 |  3.8
Unarmed Combat | |  3.0

Action                   |  1- 3 |  4- 6 || total
-------------------------+-------+-------++-------
Melee: Unarmed           |   170 |   106 ||   276
       Headbutt          |     9 |    10 ||    19
       Tailslap          |    11 |    13 ||    24
       Kick              |     7 |     3 ||    10
       Punch             |       |     2 ||     2
Throw: Stone             |       |     2 ||     2
 Cast: Beastly Appendage |    17 |    11 ||    28
  Use: Potion            |       |     3 ||     3
 Stab: Sleeping          |       |     1 ||     1
  Eat: Chunk             |     5 |     3 ||     8
Armor: Skin              |    42 |    34 ||    76
Dodge: Dodged            |    86 |    67 ||   153
